cohdb
Replays
Latest Replays
All Replays
Popular Replays
Top Player Replays
Match Explorer
How It Works
Community
CoH3 Stats
Reddit
Sign in to upload your games and track your stats! →
Sign in with Steam
Match 41082350
Unlisted
Match 41082350
Overview
Messages
Build Orders
End
Construct Section Command Post
Infantry Section
Selects Indian Artillery Battlegroup
Infantry Section
Grenade Package
Infantry Section
Selects War Cry
Construct Platoon Command Post
Construct Field Infirmary
Construct Platoon Command Post
Selects Gurkha Rifles Section
Humber Armored Car
War Cry
Selects Artillery Saturation
Construct Company Command Post
Selects Pillage
Foot Guards Section
Foot Guards Section
Foot Guards Section
Infantry Training
War Cry
Selects Off-map Airburst Barrage
Selects BL5.5 Artillery Emplacement
War Cry
Crusader II Medium Tank
Generick
Luckyman55
JZuna
VvvV
STRIKE_IIVI ➽
Fookin' Laser Sights
Re:Re
HuaLim
0
0
Comments
sign in to comment!
No comments posted yet!